 Dungeon Sprint DCSS version 0.21.1-1-g345015f (webtiles) character file.

856 Fang the Fighter (level 7, -1/117 HPs)
             Began as a Minotaur Berserker on May 2, 2018.
             Was a High Priest of Trog.
             Slain by a centaur warrior (3 damage)
             ... in the Dungeon (Sprint V: "Ziggurat Sprint").
             The game lasted 00:01:13 (424 turns).

Fang the Fighter (Minotaur Berserker)                Turns: 424, Time: 00:01:13

Health: -1/117     AC: 18    Str: 35    XL:     7   Next: 70%
Magic:  6/6        EV: 12    Int:  4    God:    Trog [*****.]
Gold:   0          SH:  0    Dex:  9    Spells: 6/6 levels left

rFire    . . .     SeeInvis .   l - +5 demon trident
rCold    . . .     Gourm    .   (no shield)
rNeg     . . .     Faith    .   j - +5 shadow dragon scales
rPois    .         Spirit   .   (helmet restricted)
rElec    .         Reflect  .   (no cloak)
rCorr    .         Harm     .   (no gloves)
MR       .....     NoTele   +   (no boots)
Stlth    ..........             (no amulet)
HPRegen  0.29/turn              G - ring of flight
MPRegen  0.10/turn              F - +6 ring of strength

@: berserking, lethally poisoned (-1 -> -4), slowed
A: retaliatory headbutt, horns 2
a: Berserk, Trog's Hand, Brothers in Arms, Burn Spellbooks, Renounce Religion,
Evoke Flight


You were in the Dungeon.
You worshipped Trog.
Trog was extremely pleased with you.
You were very hungry.

You visited 1 branch

Inventory:

Hand Weapons
 k - a +5 executioner's axe
 l - a +5 demon trident (weapon)
Armour
 j - +5 shadow dragon scales (worn)
Jewellery
 B - a +6 ring of dexterity
 F - a +6 ring of strength (right hand)
 G - a ring of flight (left hand)
Wands
 x - a wand of disintegration (7)
 y - a wand of iceblast (7)
 z - a wand of acid (7)
Scrolls
 i - 4 scrolls of blinking
 m - 7 scrolls of fog
 n - a scroll of holy word
 o - 5 scrolls of identify
 p - 5 scrolls of remove curse
 q - 2 scrolls of fear
Potions
 d - 10 potions of curing
 e - 10 potions of heal wounds
 f - 6 potions of haste
 g - 7 potions of magic
 h - 3 potions of berserk rage
 r - 2 potions of brilliance
 s - 2 potions of invisibility
 t - 4 potions of resistance
 u - a potion of experience
 v - 5 potions of agility
 w - 5 potions of might
Miscellaneous
 a - a phial of floods
 b - a lamp of fire
Comestibles
 c - 7 rations


   Skills:
 + Level 12.3 Fighting
 + Level 11.2(11.8) Axes
 + Level 6.2(9.6) Polearms
 + Level 8.7 Armour
 + Level 6.0 Dodging


You had 6 spell levels left.
You didn't know any spells.

Dungeon Overview and Level Annotations

Branches:
Dungeon (1/1)

Altars:
Ashenzari
Cheibriados
Dithmenos
Elyvilon
Fedhas
Gozag
Hepliaklqana
Kikubaaqudgha
Makhleb
Nemelex Xobeh
Okawaru
Qazlal
Ru
Sif Muna
Trog
Uskayaw
Vehumet
Wu Jian
Xom
Yredelemnul
Zin
The Shining One
Beogh
Jiyva
Lugonu

Annotations:
D 1 transporter


Innate Abilities, Weirdness & Mutations

You reflexively headbutt those who attack you in melee.
You have a pair of horns on your head.


Message History

* * * LOW HITPOINT WARNING * * *
The deep elf knight mumbles some strange words.
The deep elf knight seems to speed up.
Unknown command.
You miss the deep elf knight.
Your headbutt misses the deep elf knight.
The deep elf knight is severely wounded.
The centaur warrior hits you but does no damage.
The ironheart preserver hits you but does no damage.
The deep elf knight hits you but does no damage.
You are poisoned.
The centaur warrior barely misses you.
You closely miss the deep elf knight.
The deep elf knight is severely wounded.
You feel sick.
The deep elf knight gestures at you while chanting.
The stone arrow hits you!
* * * LOW HITPOINT WARNING * * *
The centaur warrior hits you.
You die...

▓..©..▓..©..▓▓▓▓▓▓▓
▓▓▓▓▓▓▓▓▓▓▓▓▓▓
▓..8©8...▓
▓..)}:...▓
▓...|....▓
▓........▓
▓........▓
▓..pec...▓
▓...@....▓
▓▓▓▓▓▓▓▓▓▓


You could see an ironheart preserver, a centaur warrior and a deep elf knight.

Vanquished Creatures
  A fire dragon (D)
  2 quasits (D)
  An orc priest (D)
  An iron imp (D)
  An orc wizard (D)
  A shadow imp (D)
  3 orcs (D)
10 creatures vanquished.

Vanquished Creatures (others)
  6 azure jellies (D)
  3 death oozes (D)
  Sonja (D)
  Purgy (D)
11 creatures vanquished.

Grand Total: 21 creatures vanquished

Notes
Turn   | Place    | Note
-------+----------+-------------------------------------------
     0 | D        | Found the +6 Majin-Bo {vamp, Archmagi MP+6 Int+6}
     0 | D        | Found the +7 great mace "Firestarter" {inner flame, rF++}
     0 | D        | Fang the Minotaur Berserker began the quest for the Orb.
     0 | D        | Reached XP level 1. HP: 19/19 MP: 0/0
     3 | D        | Found a blossoming altar of Fedhas.
     4 | D        | Found a viscous altar of Jiyva.
     4 | D        | Found a hazy altar of Hepliaklqana.
     4 | D        | Found a transporter.
     4 | D        | Found an opulent altar of Gozag.
     4 | D        | Found an ancient bone altar of Kikubaaqudgha.
     4 | D        | Found a corrupted altar of Lugonu.
     8 | D        | Killed a death ooze
    10 | D        | Found a burning altar of Makhleb.
    11 | D        | Found a stormy altar of Qazlal.
    11 | D        | Found a sacrificial altar of Ru.
    11 | D        | Found an iron altar of Okawaru.
    11 | D        | Found a deep blue altar of Sif Muna.
    11 | D        | Found a sparkling altar of Nemelex Xobeh.
    11 | D        | Found a bloodstained altar of Trog.
    45 | D        | Killed an azure jelly
    72 | D        | Entered arena 2.
    72 | D        | Found a transporter.
    74 | D        | Reached skill level 4 in Fighting
    83 | D        | Killed an azure jelly
   104 | D        | Killed an azure jelly
   121 | D        | Entered arena 3.
   121 | D        | Noticed an orc priest
   121 | D        | Noticed an orc wizard
   121 | D        | Found a transporter.
   131 | D        | Killed an orc priest
   131 | D        | Reached ** piety under Trog
   131 | D        | Reached skill level 5 in Fighting
   131 | D        | Reached skill level 5 in Axes
   131 | D        | Reached XP level 2. HP: 30/30 MP: 1/1
   131 | D        | Reached XP level 3. HP: 37/37 MP: 2/2
   134 | D        | Reached skill level 6 in Fighting
   135 | D        | Killed an azure jelly
   150 | D        | Identified Giecenio's Papyrus of Cankerous Calling
   167 | D        | Killed a death ooze
   182 | D        | Killed Sonja
   230 | D        | Entered arena 4.
   230 | D        | Found a transporter.
   234 | D        | Reached *** piety under Trog
   234 | D        | Reached **** piety under Trog
   235 | D        | Reached skill level 7 in Fighting
   235 | D        | Reached skill level 1 in Polearms
   235 | D        | Reached XP level 4. HP: 43/47 MP: 3/3
   236 | D        | Reached ***** piety under Trog
   236 | D        | Reached skill level 8 in Fighting
   244 | D        | Reached skill level 5 in Armour
   244 | D        | Reached XP level 5. HP: 27/56 MP: 4/4
   265 | D        | Killed an azure jelly
   286 | D        | Killed Purgy
   314 | D        | Killed an azure jelly
   394 | D        | Killed a death ooze
   410 | D        | Entered arena 5.
   410 | D        | Noticed a deep elf knight
   410 | D        | Noticed an ironheart preserver
   410 | D        | Noticed a centaur warrior
   410 | D        | Noticed a fire dragon
   410 | D        | Found a transporter.
   417 | D        | Killed a fire dragon
   417 | D        | Reached skill level 12 in Fighting
   417 | D        | Reached XP level 6. HP: 50/71 MP: 5/5
   417 | D        | Reached XP level 7. HP: 55/78 MP: 6/6
   424 | D        | HP: 2/117 [deep elf knight/stone arrow (10)]
   424 | D        | Slain by a centaur warrior

Skill      XL: |  1  2  3  4  5 |
---------------+----------------+-----
Fighting       | 5 7 8 12 | 12.3
Axes           | 5 7 8 11 | 11.2
Armour         | 3 4 5 8 |  8.7
Dodging        | 3 4 6 |  6.0
Polearms       | 1 6 |  6.2

Action                   |  1- 3 |  4- 6 |  7- 9 || total
-------------------------+-------+-------+-------++-------
Melee: Demon trident     |    14 |    13 |     7 ||    34
       Headbutt          |     2 |     2 |     2 ||     6
Invok: Berserk           |     2 |     1 |       ||     3
       Burn Spellbooks   |     1 |       |       ||     1
Armor: Shadow dragon sca |     7 |     7 |     4 ||    18
Dodge: Dodged            |    10 |     8 |     3 ||    21
